General information
- name: Local Game (Nathan Drake)
- type: Custom game
- host: Nathan Drake
- saver: Nathan Drake
map: BridgeTooNear
- players: 2
- length: 41:29
- speed: Fast
- version: 1.24 W3XP
- replay type: Public
» download(214 KB)
Players
team 1 (winner)

»
Nathan Drake (
green | 74 APM | 3087 actions | 41:29)
7 Warden
3 Shadow Strike
3 Blink
1 Spirit of Vengeance
6 Priestess of the Moon
2 Scout
3 Trueshot Aura
1 Starfall
» actions
| Assign group hotkey | 118 | |
| Basic commands | 169 | |
| Build / train | 130 | |
| Enter build submenu | 40 | |
| Enter hero's abilities submenu | 13 | |
| Give item / drop item | 5 | |
| Remove unit from queue | 2 | |
| Right click | 1164 | |
| Select / deselect | 745 | |
| Select group hotkey | 600 | |
| Use ability | 99 | |
3087 total
» units
| Wisp | 32 | |
| Archer | 32 | |
| Druid of the Talon | 20 | |
84 total
» upgrades
| Druid of the Talon Training | 2 | |
| Improved Bows | 1 | |
| Nature's Blessing | 1 | |
| Ultravision | 1 | |
| Well Spring | 1 | |
| Mark of the Talon | 1 | |
| Upgrade Moon Glaive | 0 | |
| Marksmanship | 1 | |
| Strength of the Moon | 3 | |
| Moon Armor | 3 | |
| Strength of the Wild | 3 | |
17 total
» buildings
| Altar of Elders | 1 | |
| Moon Well | 5 | |
| Ancient of War | 2 | |
| Tree of Ages | 1 | |
| Ancient of Wonders | 1 | |
| Hunter's Hall | 1 | |
| Ancient of Wind | 3 | |
| Tree of Life | 3 | |
| Tree of Eternity | 1 | |
| Ancient Protector | 9 | |
27 total
» build order
00:06 Altar of Elders
00:20 Moon Well
00:35 Ancient of War
02:35 Moon Well
03:33 Moon Well
04:03 Tree of Ages
04:14 Ancient of Wonders
06:12 Hunter's Hall
06:39 Ancient of Wind
06:52 Ancient of Wind
08:23 Tree of Life
10:19 Ancient of Wind
10:29 Moon Well
10:39 Moon Well
10:55 Tree of Eternity
14:11 Ancient of War
14:18 Ancient Protector
15:55 Tree of Life
16:23 Ancient Protector
16:26 Ancient Protector
16:34 Ancient Protector
16:41 Ancient Protector
25:07 Tree of Life
25:14 Ancient Protector
25:18 Ancient Protector
25:23 Ancient Protector
25:31 Ancient Protector
» items
| Potion of Healing | 7 | |
| Staff of Preservation | 1 | |
| Dust of Appearance | 1 | |
| Scroll of Town Portal | 1 | |
10 total
team 2 (loser)

»
ShreD (
red | 33 APM | 1222 actions | 37:18)
8 Dreadlord
3 Carrion Swarm
3 Vampiric Aura
1 Inferno
1 Sleep
2 Death Knight
1 Death Coil
1 Unholy Aura
» actions
| Assign group hotkey | 15 | |
| Basic commands | 111 | |
| Build / train | 73 | |
| Enter build submenu | 32 | |
| Enter hero's abilities submenu | 10 | |
| Give item / drop item | 2 | |
| Remove unit from queue | 1 | |
| Right click | 448 | |
| Select / deselect | 462 | |
| Select group hotkey | 10 | |
| Use ability | 58 | |
1222 total
» units
| Acolyte | 8 | |
| Ghoul | 16 | |
| Crypt Fiend | 6 | |
| Gargoyle | 6 | |
| Necromancer | 1 | |
| Frost Wyrm | 3 | |
40 total
» upgrades
| Unholy Strength | 2 | |
| Unholy Armor | 1 | |
| Creature Attack | 3 | |
| Freezing Breath | 1 | |
7 total
» buildings
| Altar of Darkness | 2 | |
| Ziggurat | 11 | |
| Crypt | 2 | |
| Graveyard | 2 | |
| Halls of the Dead | 1 | |
| Tomb of Relics | 1 | |
| Spirit Tower | 6 | |
| Temple of the Damned | 1 | |
| Black Citadel | 1 | |
| Sacrificial Pit | 1 | |
| Boneyard | 2 | |
| Necropolis | 1 | |
31 total
» build order
00:06 Altar of Darkness
00:07 Ziggurat
00:14 Crypt
01:09 Crypt
01:35 Graveyard
02:40 Ziggurat
03:58 Ziggurat
04:12 Ziggurat
05:48 Halls of the Dead
07:25 Tomb of Relics
07:50 Ziggurat
07:57 Spirit Tower
09:03 Temple of the Damned
10:43 Spirit Tower
11:07 Black Citadel
18:28 Spirit Tower
18:30 Spirit Tower
22:54 Ziggurat
26:06 Graveyard
27:07 Sacrificial Pit
27:12 Ziggurat
30:12 Boneyard
30:16 Boneyard
30:34 Ziggurat
30:39 Ziggurat
30:44 Ziggurat
30:49 Ziggurat
32:21 Spirit Tower
32:24 Spirit Tower
33:31 Necropolis
36:21 Altar of Darkness
» items
| Potion of Healing | 3 | |
| Rod of Necromancy | 1 | |
| Scroll of Town Portal | 1 | |
5 total
Chat log
(04:25 / All) Nathan Drake: guys red going gargs lol